 Dungeon Crawl Stone Soup version 0.29-a0-330-g52719c12eb (webtiles) character file.

Game seed: 4713737900272254761

913 Leszczynek the Chopper (level 8, -1/61 HPs)
             Began as a Human Gladiator on Apr 15, 2022.
             Slain by a steam dragon (7 damage)
             ... on level 8 of the Dungeon.
             The game lasted 00:11:09 (2069 turns).

Leszczynek the Chopper (Human Gladiator)            Turns: 2069, Time: 00:11:09

Health: -1/61      AC: 12    Str: 17    XL:     8   Next: 30%
Magic:  8/8        EV: 10    Int: 10    God:
Gold:   157        SH:  0    Dex: 15    Spells: 6/7 levels left

rFire   . . .      SeeInvis .   a - +0 war axe
rCold   . . .      Faith    .   (no shield)
rNeg    . . .      Spirit   .   i - +4 scale mail
rPois   .          Reflect  .   c - +0 helmet
rElec   .          Harm     .   (no cloak)
rCorr   .          Rampage  .   o - +0 pair of gloves
Will    .....      Rage     1%  (no boots)
Stlth   ..........              (no amulet)
HPRegen 0.20/turn               (no ring)
MPRegen 0.11/turn               (no ring)

@: invisible
A: berserk 1, clever 1, evolution 2
a: no special abilities


You were on level 8 of the Dungeon.
You visited 1 branch of the dungeon, and saw 8 of its levels.

You collected 157 gold pieces.

Inventory:

Hand Weapons
 a - a +0 war axe (weapon)
 j - a +0 broad axe
Armour
 c - a +0 helmet (worn)
 i - a +4 scale mail (worn)
 l - a +1 plate armour of positive energy
 o - a +0 pair of gloves (worn)
Wands
 e - a wand of polymorph (2)
Scrolls
 b - a scroll of vulnerability {unknown}
 f - a scroll of immolation {!r}
 g - 2 scrolls of identify {unknown}
 h - a scroll of magic mapping {unknown}
 k - a scroll of teleportation
 p - a scroll of holy word {unknown}


   Skills:
 + Level 4.8 Fighting
 * Level 7.0 Axes
 - Level 4.2 Throwing
 - Level 3.5 Dodging
 + Level 0.7 Evocations


You had 6 spell levels left.
You knew the following spells:

 Your Spells              Type           Power      Damage    Failure   Level
A - Apportation           Tloc           0%         N/A       80%         1

Your spell library contained the following spells:

 Spells                   Type           Power      Damage    Failure   Level
 Swiftness                Air            0%         N/A       99%         3
 Passage of Golubria      Tloc           0%         N/A       100%        4
 Lightning Bolt           Conj/Air       0%         1d11      100%        5
 Storm Form               Tmut/Air       0%         N/A       100%        7


Dungeon Overview and Level Annotations

Branches:
Dungeon (8/15)
 Temple: D:4-7         Lair: D:8-11

Altars:

Portals:
Bailey: D:7

Annotations:
D:7 Prince Ribbit


Innate Abilities, Weirdness & Mutations

You tend to lose your temper in combat.
Your mind is acute. (Int +2)
You have great hidden genetic potential.


Message History

You punch the steam dragon, but do no damage.
The steam dragon is moderately wounded.
The steam dragon barely misses you.
The steam dragon claws you but does no damage.
You hit the steam dragon.
The steam dragon is heavily wounded.
The steam dragon breathes steam at you. The ball of steam misses you.
You hear a shout! x5
You hit the steam dragon.
The steam dragon is heavily wounded.
* * * LOW HITPOINT WARNING * * *
The steam dragon barely misses you. The steam dragon misses you.
The steam dragon barely misses you. The steam dragon closely misses you.
You hit the steam dragon.
The steam dragon is heavily wounded.
The steam dragon completely misses you. The steam dragon claws you.
* * * LOW HITPOINT WARNING * * *
You strike the helpless steam dragon from behind!
You hit the steam dragon.
The steam dragon is heavily wounded.
An orc comes into view. It is wielding a +0 short sword.
The steam dragon bites you.
* * * LOW HITPOINT WARNING * * *
The steam dragon claws you.
* * * LOW HITPOINT WARNING * * *
You barely miss the steam dragon.
The steam dragon is heavily wounded.
The orc shouts!
The steam dragon bites you.
* * * LOW HITPOINT WARNING * * *
The steam dragon claws you.
* * * LOW HITPOINT WARNING * * *
You closely miss the steam dragon.
The steam dragon is heavily wounded.
The orc shouts!
You hear a shout!
You slash the steam dragon!
The steam dragon is almost dead.
The steam dragon bites you!
You die...

##..####
#......
###......
##.......
.........
........##
.........# #
...o...@.##.###
#......D......#
#.#####..##.#.#
#.........#
#.###..##.#
###..# # #<...#
####.# ..#


You could see a steam dragon (can't see you) and an orc (can't see you).

Vanquished Creatures
  A water moccasin (D:5)
  2 black bears
  An ogre (D:4)
  A phantom (D:5)
  2 scorpions (D:5)
  A howler monkey (D:5)
  3 orc priests
  2 hounds
  2 iguanas (D:6)
  2 adders (D:5)
  2 white imps (D:5)
  A worm (D:3)
  A dart slug (D:3)
  8 orcs
  4 ball pythons
  2 endoplasms
  2 giant cockroaches
  6 goblins
  3 hobgoblins
  4 jackals (D:5)
  3 kobolds (D:2)
  A quokka (D:3)
  2 bats (D:2)
  3 rats
59 creatures vanquished.

Vanquished Creatures (others)
  An orc wizard (D:5)
1 creature vanquished.

Grand Total: 60 creatures vanquished

Notes
Turn   | Place    | Note
-------+----------+-------------------------------------------
     0 | D:1      | Leszczynek the Human Gladiator began the quest for the Orb.
     0 | D:1      | Reached XP level 1. HP: 16/16 MP: 1/1
    91 | D:2      | Reached XP level 2. HP: 22/22 MP: 2/2
   101 | D:3      | Noticed an ice beast
   272 | D:4      | Noticed a black bear
   286 | D:4      | Killed a black bear
   287 | D:4      | Reached skill level 4 in Axes
   287 | D:4      | Reached XP level 3. HP: 15/28 MP: 3/3
   287 | D:4      | Reached XP level 4. HP: 18/34 MP: 4/4
   287 | D:4      | Reached XP level 5. HP: 22/40 MP: 5/5
   387 | D:5      | Entered Level 5 of the Dungeon
   472 | D:4      | Noticed an ogre
   619 | D:3      | Reached skill level 3 in Fighting
   645 | D:3      | Reached skill level 3 in Throwing
   748 | D:4      | Killed an ogre
   749 | D:4      | Reached XP level 6. HP: 46/47 MP: 6/6
   917 | D:5      | Reached skill level 5 in Axes
   918 | D:5      | Noticed a water moccasin
   948 | D:5      | Gained mutation: You tend to lose your temper in combat.
                  | [potion of mutation]
   948 | D:5      | Gained mutation: You have hidden genetic potential. [potion
                  | of mutation]
   948 | D:5      | Gained mutation: You have great hidden genetic potential.
                  | [potion of mutation]
   951 | D:5      | HP: 8/48 [water moccasin (4)]
   956 | D:5      | HP: 5/72 [poisoned by a water moccasin]
   957 | D:5      | Killed a water moccasin
   958 | D:5      | Reached skill level 4 in Throwing
   958 | D:5      | Reached XP level 7. HP: 5/53 MP: 7/7
   960 | D:5      | Reached skill level 4 in Fighting
  1239 | D:5      | Reached skill level 6 in Axes
  1257 | D:5      | Got the Tome of Translocation and Air
  1262 | D:5      | Learned a level 1 spell: Apportation
  1330 | D:5      | Gained mutation: Your mind is acute. (Int +2) [hidden
                  | potential]
  1568 | D:7      | Noticed Prince Ribbit
  1569 | D:7      | ??????????
  1577 | D:6      | Reached XP level 8. HP: 30/61 MP: 8/8
  1680 | D:7      | Found a flagged portal.
  1729 | D:6      | HP: 7/61 [iguana (6)]
  1907 | D:7      | Reached skill level 7 in Axes
  1919 | D:7      | HP: 6/61 [Prince Ribbit (10)]
  2066 | D:8      | HP: 11/61 [steam dragon (2)]
  2069 | D:8      | Slain by a steam dragon

Illustrated notes

.. ..:...#
... ......#
#.. #.....#
##..##.....#
...W.......#
.....F...>.#
.......o...#
.......@...#
##+###..o.o#
#..oo.#
#...?.#
#.o.oo#
......#
....o.#
.......#


Turn 1569 on D:7: ??????????

Levels and vault maps discovered:
D:1:      lemuel_arrival_cross, layout_basic, shapermc_ecumenical_altar_pompeii
D:2:      layout_basic, uniq_robin
D:3:      layout_loops_ring
D:4:      layout_loops_cross, lemuel_round_altar, corexii_checkpoint_b
D:5:      layout_loops_ring
D:6:      layout_cave_pools, minmay_temple_entry_large_hall,
          gammafunk_ghost_gnarly_gnolls
D:7:      layout_gridville, enter_bailey_5, uniq_prince_ribbit1
D:8:      layout_basic, erik_lair_orcish_takeover

Skill      XL: |  1  2  3  4  5  6  7  8 |
---------------+-------------------------+-----
Axes           | 4 5 6 7 |  7.0
Fighting       | 3 4 |  4.8
Throwing       | 3 4 |  4.2
Dodging        | |  3.5
Evocations     | |  0.7

Action                   |  1- 3 |  4- 6 |  7- 9 || total
-------------------------+-------+-------+-------++-------
Melee: War axe           |    33 |    81 |   101 ||   215
       Punch             |       |     1 |     2 ||     3
Throw: Dart              |     6 |       |    10 ||    16
       Throwing net      |     2 |     3 |       ||     5
       Javelin           |       |     1 |     1 ||     2
Evoke: Wand              |       |       |     1 ||     1
  Use: Potion            |     1 |     4 |     1 ||     6
       Scroll            |       |     1 |     3 ||     4
 Stab: Sleeping          |     1 |       |       ||     1
       Held in net/web   |       |     3 |       ||     3
       Invisible         |       |       |     1 ||     1
Armor: Leather armour    |    12 |       |       ||    12
       Scale mail        |       |    69 |    67 ||   136
       Skin              |       |     5 |     1 ||     6
Dodge: Dodged            |    27 |    58 |    65 ||   150

Table legend: (Time is in decaauts)
 A = Elapsed time spent in this place.
 B = Non-inter-level travel time spent in this place.
 C = Inter-level travel time spent in this place.
 D = Time resting spent in this place.
 E = Time spent auto-exploring this place.
 F = Levels seen in this place.
 G = Mean time per level.
                   A        B        C        D        E       F      G
               +--------+--------+--------+--------+--------+-----+--------+
         Total |   2225 |   2172 |     53 |     26 |      0 |   8 |  278.1 |
       Dungeon |   2225 |   2172 |     53 |     26 |      0 |   8 |  278.1 |
               +--------+--------+--------+--------+--------+-----+--------+

Top non-repeatable levels by time:
     D:5: 640 daAuts
     D:6: 476 daAuts
     D:4: 316 daAuts
     D:3: 309 daAuts
     D:2: 165 daAuts
     D:8: 153 daAuts
     D:1: 87 daAuts
     D:7: 75 daAuts
